 Dungeon Crawl Stone Soup version 0.28.0 (webtiles) character file.

Game seed: 14076993068023626471

11729 SnakkuSnakku7 the Impaler (level 11, -10/96 HPs)
             Began as a Tengu Enchanter on Feb 5, 2022.
             Was an Elder of Makhleb.
             Mangled by a komodo dragon (23 damage)
             ... on level 1 of the Lair of Beasts.
             The game lasted 00:17:48 (14051 turns).

SnakkuSnakku7 the Impaler (Tengu Enchanter)        Turns: 14051, Time: 00:17:49

Health: -10/96     AC: 25    Str: 12    XL:     11   Next: 82%
Magic:  15/15      EV:  2    Int: 16    God:    Makhleb [****..]
Gold:   427        SH:  5    Dex: 15    Spells: 14/14 levels left

rFire   . . .      SeeInvis .   a - +4 glaive
rCold   . . .      Faith    .   (shield currently unavailable)
rNeg    . . .      Spirit   .   (armour currently unavailable)
rPois   +          Reflect  +   (helmet currently unavailable)
rElec   .          Harm     .   (cloak currently unavailable)
rCorr   +          Rampage  .   (gloves currently unavailable)
Will    .....      NoTele   +   (boots unavailable)
Stlth   ++........              m - amulet of reflection
HPRegen 0.26/turn               u - ring of resist corrosion
MPRegen 0.14/turn               (no ring)

@: tree-form
A: stationary, stasis, torment immunity, boosted hp, (beak), (talons 3), nimble
flight
a: Renounce Religion, Minor Destruction, Lesser Servant of Makhleb, Major
Destruction


You were on level 1 of the Lair of Beasts.
You worshipped Makhleb.
Makhleb was greatly pleased with you.
You were a tree.
You visited 2 branches of the dungeon, and saw 11 of its levels.

You collected 657 gold pieces.
You spent 230 gold pieces at shops.

Inventory:

Hand Weapons
 a - a +4 glaive (weapon)
 b - a +0 trident of venom
Missiles
 k - 40 poisoned darts (quivered)
Armour
 n - a +1 hat (melded)
 s - a scarf of repulsion
 y - a +0 cloak (melded)
 E - a +3 plate armour (melded)
 G - a +0 pair of gloves (melded)
Jewellery
 g - a ring of willpower
 m - an amulet of reflection (around neck)
 t - a ring of fire
 u - a ring of resist corrosion (left branch)
 H - a ring of ice
Wands
 r - a wand of acid (10)
 F - a wand of paralysis (4)
 I - a wand of mindburst (1)
 J - a wand of iceblast (6)
Scrolls
 h - 2 scrolls of magic mapping
 p - a scroll of immolation
Potions
 c - a potion of invisibility
 d - 4 potions of attraction
 e - 3 potions of curing
 i - a potion of brilliance {unknown}
 j - a potion of resistance {unknown}
 q - 2 potions of lignification
 v - 3 potions of might
 w - a potion of haste {unknown}
 x - a potion of heal wounds {unknown}
 z - a potion of cancellation
 A - a potion of ambrosia {unknown}
 B - 3 potions of mutation
Miscellaneous
 K - a box of beasts


   Skills:
 - Level 6.3 Fighting
 - Level 1.1 Short Blades
 + Level 17.8 Polearms
 - Level 4.0 Throwing
 - Level 2.1 Dodging
 - Level 3.0 Stealth
 - Level 2.0 Spellcasting
 - Level 2.1 Hexes


You had 14 spell levels left.
You didn't know any spells.
Your spell library contained the following spells:

 Spells                   Type           Power      Damage    Failure   Level
 Freeze                   Ice            4%         1d3       21%         1
 Magic Dart               Conj           4%         1d3       21%         1
 Ensorcelled Hibernation  Hex/Ice        10%        N/A       21%         2
 Confusing Touch          Hex            8%         N/A       26%         3
 Tukima's Dance           Hex            8%         N/A       26%         3
 Call Imp                 Summ           1%         N/A       30%         2
 Corpse Rot               Necr/Air       2%         N/A       30%         2
 Poisonous Vapours        Pois/Air       2%         N/A       30%         2
 Searing Ray              Conj           2%         2d4       30%         2
 Dazzling Flash           Conj/Hex       10%        N/A       36%         3
 Portal Projectile        Hex/Tloc       10%        N/A       36%         3
 Frozen Ramparts          Ice            2%         1d2       52%         3
 Gell's Gravitas          Tloc           1%         N/A       52%         3
 Lesser Beckoning         Tloc           1%         N/A       52%         3
 Mephitic Cloud           Conj/Pois/Air  1%         N/A       52%         3
 Ozocubu's Armour         Ice            1%         N/A       52%         3
 Teleport Other           Tloc           1%         N/A       52%         3
 Anguish                  Hex/Necr       2%         N/A       78%         4
 Fulminant Prism          Conj/Hex       2%         3d6       78%         4
 Animate Dead             Necr           0%         N/A       90%         4
 Hailstorm                Conj/Ice       1%         3d3       90%         4
 Passage of Golubria      Tloc           1%         N/A       90%         4
 Yara's Violent Unravell  Hex/Tmut       2%         3d3       98%         5
 Blade Hands              Tmut           0%         N/A       99%         5
 Excruciating Wounds      Necr           0%         N/A       99%         5
 Fireball                 Conj/Fire      0%         3d3       99%         5
 Starburst                Conj/Fire      0%         6d3       100%        6
 Enfeeble                 Hex            4%         N/A       100%        7
 Haunt                    Necr/Summ      0%         N/A       100%        7
 Ozocubu's Refrigeration  Ice            0%         4d5       100%        7
 Ignition                 Fire           0%         3d3       100%        8
 Infestation              Necr           0%         N/A       100%        8


Dungeon Overview and Level Annotations

Branches:
Dungeon (10/15)            Temple (0/1) D:6            Lair (1/6) D:10
    Orc (0/2) D:9

Altars:
Ashenzari
Elyvilon
Gozag
Kikubaaqudgha
Makhleb
Vehumet
Wu Jian
Xom
Zin
Beogh

Shops:
D:1 *   D:3 :   D:5 *

Portals:
Volcano: Lair:1

Annotations:
Lair:1 Nergalle, Sonja


Innate Abilities, Weirdness & Mutations

You are a tree.
Your roots penetrate the ground, keeping you stationary.
You cannot be teleported.
You are immune to unholy pain and torment.
Your maximum health is greatly increased.
Your equipment is partially melded.
((You have a beak for a mouth.))
((You have claws for feet.))
Your magical nature lets you fly swiftly and evasively.


Message History

A komodo dragon comes into view.
The wolf barely misses you.
It was a potion of lignification.
You turn into a tree.
Your +0 cloak melds into your body.
Your +1 hat melds into your body.
Your +0 pair of gloves melds into your body.
Your +3 plate armour melds into your body.
Your roots penetrate the ground.
The wolf bites you but does no damage.
Your cane toad misses the wolf.
The wolf bites you but does no damage. x2
Your cane toad misses the wolf.
You feel better. You block the wolf's attack. x2
The wolf bites you but does no damage. x2; Your cane toad misses the wolf.
Unknown command.
You miss the wolf.
The wolf is severely wounded.
The wolf barely misses you. The wolf bites you but does no damage.
Your cane toad closely misses the wolf.
Unknown command.
You slash the wolf!
You kill the wolf!
Makhleb accepts your kill.
You feel better.
The wolf bites you but does no damage. x2
Your cane toad stings the wolf!!
You block the black mamba's attack.
You miss the black mamba.
The black mamba is heavily wounded.
The black mamba bites you!
* * * LOW HITPOINT WARNING * * *
The wolf bites you but does no damage.
Your cane toad stings the wolf!!
The wolf dies!
Makhleb accepts your kill.
You barely miss the black mamba.
The black mamba is heavily wounded.
The black mamba bites you but does no damage.
Your cane toad stings the black mamba.
The black mamba bites you but does no damage.
You closely miss the black mamba.
The black mamba is severely wounded.
The black mamba bites you!
* * * LOW HITPOINT WARNING * * *
Your cane toad misses the black mamba.
The komodo dragon bites you!!
You die...

.,,,...............##
.,,#.#.#...........#
*,,...######.###...#
*,,**,,* ##* ###.#
,,,,,,,* #.# ,,,,,,,*
#.# ,,,,,,,* #.##
..[,,,,* ########..#
...**##*###...†l♣†.##
#.###∩###.....FS...#
..##...##..#######.#
..#....##..# ###
#.#.....#..###******
..##...##.S...,,,,,**
.......##.h...,,,,,,*
###.......h...,,,,,**
###....l......,,,,,*


You could see a komodo dragon, a black mamba (ally target) and a friendly cane
toad (summoned).

Vanquished Creatures
  2 two-headed ogres
  A deep elf zephyrmancer (D:9)
  Joseph (D:8)
  A black mamba (Lair:1)
  Maggie (D:7)
  A gargoyle (D:10)
  A cane toad (Lair:1)
  An unseen horror (D:10)
  A komodo dragon (Lair:1)
  3 trolls
  2 wraiths (D:10)
  6 yaks
  A wyvern (D:10)
  2 basilisks
  A steam dragon (D:7)
  A vampire mosquito (D:6)
  Duvessa (D:5)
  4 water moccasins
  8 orc warriors
  2 sky beasts (D:6)
  3 ice beasts
  2 black bears
  3 wolves (Lair:1)
  An ogre (D:6)
  2 necrophages
  4 centaurs
  A phantom (D:7)
  Blork the orc (D:5)
  3 kobold brigands
  A gnoll sergeant (D:7)
  4 bullfrogs
  4 scorpions
  Dowan (D:5)
  A wyvern skeleton (D:6)
  8 wights
  4 howler monkeys
  3 hounds
  3 orc priests
  A gnoll shaman (D:6)
  A bullfrog skeleton (D:4)
  3 centaur zombies
  A centaur skeleton (D:6)
  4 iguanas
  4 orc wizards
  A statue (D:4)
  A killer bee zombie (D:6)
  2 howler monkey zombies
  Robin (D:1)
  A howler monkey skeleton (D:5)
  4 gnolls (D:7)
  5 adders
  3 shadow imps
  A white imp (D:7)
  An ufetubus (D:5)
  A worm (D:2)
  A dart slug (D:1)
  61 orcs
  9 bats
  3 endoplasms
  4 giant cockroaches
  12 goblins
  8 hobgoblins
  3 jackals (D:1)
  20 kobolds
  5 quokkas
  5 ball pythons
  2 frilled lizards (D:1)
  3 rats (D:2)
261 creatures vanquished.

Vanquished Creatures (collateral kills)
  2 wolves (Lair:1)
2 creatures vanquished.

Vanquished Creatures (others)
  2 fungi (Lair:1)
  A plant (Lair:1)
3 creatures vanquished.

Grand Total: 266 creatures vanquished

Notes
Turn   | Place    | Note
-------+----------+-------------------------------------------
     0 | D:1      | SnakkuSnakku7 the Tengu Enchanter began the quest for the
                  | Orb.
     0 | D:1      | Reached XP level 1. HP: 10/10 MP: 4/4
   135 | D:1      | Reached skill level 1 in Fighting
   318 | D:1      | Reached XP level 2. HP: 8/16 MP: 6/6
   397 | D:1      | Found Qiecs's Assorted Antiques.
   405 | D:1      | Bought a scroll labelled HYRPHEM WAC LES for 23 gold pieces
   647 | D:1      | Reached XP level 3. HP: 18/22 MP: 7/7
  1923 | D:2      | Reached XP level 4. HP: 24/28 MP: 8/8
  2072 | D:2      | Noticed Robin
  2279 | D:1      | Killed Robin
  2280 | D:1      | Reached skill level 1 in Throwing
  2864 | D:3      | Found a faded altar of an unknown god.
  2906 | D:3      | Found an opulent altar of Gozag.
  3061 | D:3      | Found a shimmering altar of Xom.
  3062 | D:3      | Found a shimmering altar of Xom.
  3081 | D:3      | Found a shimmering altar of Xom.
  3081 | D:3      | Found a shimmering altar of Xom.
  3081 | D:3      | Found a shimmering altar of Xom.
  3082 | D:3      | Found a shimmering altar of Xom.
  3131 | D:3      | Found Pukil's Book Emporium.
  3624 | D:4      | Noticed a necrophage
  3636 | D:3      | Gained mutation: Your magical nature lets you fly swiftly
                  | and evasively. [Tengu growth]
  3636 | D:3      | Reached XP level 5. HP: 18/32 MP: 9/9
  3778 | D:4      | Killed a necrophage
  3851 | D:4      | Reached XP level 6. HP: 38/38 MP: 10/10
  4051 | D:4      | Found a radiant altar of Vehumet.
  4092 | D:4      | Reached skill level 5 in Fighting
  4566 | D:5      | Entered Level 5 of the Dungeon
  4568 | D:5      | Noticed Duvessa
  4569 | D:5      | Noticed Dowan
  4580 | D:5      | Killed Duvessa
  4581 | D:5      | Reached XP level 7. HP: 30/45 MP: 11/11
  4585 | D:5      | Killed Dowan
  4804 | D:5      | Noticed Blork the orc
  4866 | D:4      | Reached skill level 2 in Polearms
  4991 | D:3      | Prayed at the altar of an unknown god.
  4991 | D:3      | Became a worshipper of Makhleb the Destroyer
  4991 | D:3      | Reached * piety under Makhleb
  5052 | D:5      | Reached skill level 3 in Polearms
  5437 | D:5      | Reached skill level 4 in Polearms
  5550 | D:5      | Killed Blork the orc
  5551 | D:5      | Reached XP level 8. HP: 51/51 MP: 12/12
  5635 | D:5      | Found Narpheogg's Assorted Antiques.
  5638 | D:5      | Bought a fizzy coppery potion for 21 gold pieces
  5734 | D:1      | Bought a sapphire potion for 20 gold pieces
  5734 | D:1      | Bought a scroll labelled VUZOUPRA PEBUT for 23 gold pieces
  5734 | D:1      | Bought a scroll labelled XUIVOCL ESTREO for 23 gold pieces
  5885 | D:5      | Found a white marble altar of Elyvilon.
  6078 | D:5      | Bought an onyx ring for 120 gold pieces
  6131 | D:6      | Reached skill level 5 in Polearms
  6406 | D:6      | Reached skill level 6 in Polearms
  6457 | D:6      | Reached skill level 7 in Polearms
  6933 | D:6      | Reached skill level 8 in Polearms
  6934 | D:6      | Reached ** piety under Makhleb
  7043 | D:6      | Noticed a yak
  7057 | D:6      | Reached XP level 9. HP: 26/55 MP: 13/13
  7063 | D:6      | Reached skill level 9 in Polearms
  7503 | D:6      | Found a staircase to the Ecumenical Temple.
  7669 | D:6      | Reached skill level 10 in Polearms
  7745 | D:6      | Found a glowing silver altar of Zin.
  7752 | D:6      | Found an ornate altar of the Wu Jian Council.
  7755 | D:6      | Found an ancient bone altar of Kikubaaqudgha.
  7868 | D:7      | Noticed a troll
  8241 | D:7      | Killed a troll
  8242 | D:7      | Reached skill level 11 in Polearms
  8680 | D:7      | Noticed Maggie
  8699 | D:7      | Killed Maggie
  8700 | D:7      | Reached skill level 12 in Polearms
  9077 | D:7      | Reached XP level 10. HP: 60/60 MP: 14/14
  9285 | D:8      | Noticed Joseph
  9631 | D:8      | Killed Joseph
  9632 | D:8      | Reached skill level 13 in Polearms
  9937 | D:8      | Found a broken altar of Ashenzari.
 10108 | D:8      | Reached *** piety under Makhleb
 10822 | D:9      | Reached skill level 14 in Polearms
 11162 | D:9      | Reached **** piety under Makhleb
 11316 | D:9      | Noticed a two-headed ogre
 11440 | D:9      | Killed a two-headed ogre
 11441 | D:9      | Reached skill level 15 in Polearms
 11444 | D:9      | Reached XP level 11. HP: 51/64 MP: 15/15
 11671 | D:9      | Found a staircase to the Orcish Mines.
 11755 | D:9      | Noticed a deep elf zephyrmancer
 11761 | D:9      | Killed a deep elf zephyrmancer
 11762 | D:9      | Reached skill level 16 in Polearms
 11864 | D:10     | Entered Level 10 of the Dungeon
 12480 | D:10     | Found a staircase to the Lair.
 13068 | D:10     | Noticed a two-headed ogre
 13118 | D:10     | Killed a two-headed ogre
 13119 | D:10     | Reached skill level 17 in Polearms
 13544 | Lair:1   | Entered Level 1 of the Lair of Beasts
 13615 | Lair:1   | HP: 3/64 [poisoned by a black mamba]
 13811 | Lair:1   | Found a dark tunnel.
 13835 | Lair:1   | Noticed Nergalle
 13849 | Lair:1   | Noticed Sonja
 14051 | Lair:1   | Mangled by a komodo dragon

Illustrated notes

Levels and vault maps discovered:
D:1:      scummos_arrival_hexagon, layout_basic, serial_shops,
          nicolae_shop_stone
D:2:      layout_basic, uniq_robin
D:3:      layout_basic, amcnicky_altar_gilded, xom_redecorated,
          shapermc_ecumenical_altar_totnotflames, serial_shops,
          nicolae_diamond_shop
D:4:      layout_rooms, vehumet_statue
D:5:      layout_basic, nicolae_elyvilon_temple_path, serial_shops, shop,
          uniq_blork_the_orc, uniq_duvessa
D:6:      layout_loops_cross, minmay_overflow_temple_star_quad,
          minmay_temple_entry_nine_rooms, nzn_random_ring
D:7:      layout_basic, uniq_maggie
D:8:      layout_gridville, evilmike_ruin_ashenzari, small_statue_intersection,
          moated_statue, minmay_sticks_and_stones
D:9:      layout_roguey [special_room_orc], david_orc_5,
          guppyfry_early_elven_hall
D:10:     wad_crossroads, layout_stronghold, david_lair_generic
Lair:1:   layout_small_grid, enter_volcano_1, grunt_megastairs_1, uniq_nergalle,
          uniq_sonja

Skill      XL: |  1  2  3  4  5  6  7  8  9 10 11 |
---------------+----------------------------------+-----
Fighting       | 1 2 3 5 6 |  6.3
Throwing       | 2 4 |  4.0
Polearms       | 4 8 12 15 17 | 17.8
Short Blades   | |  1.1
Dodging        | |  2.1
Stealth        | |  3.0
Spellcasting   | |  2.0
Hexes          | |  2.1

Action                   |  1- 3 |  4- 6 |  7- 9 | 10-12 || total
-------------------------+-------+-------+-------+-------++-------
Melee: Dagger            |   104 |    40 |       |       ||   144
       Kick              |    26 |    27 |    66 |    89 ||   208
       Peck              |    21 |    15 |    42 |    52 ||   130
       Punch             |     1 |     2 |     1 |       ||     4
       Club              |       |    69 |    47 |       ||   116
       Glaive            |       |       |   193 |   369 ||   562
Throw: Dart              |       |     3 |     6 |    34 ||    43
Evoke: Wand              |       |       |       |     4 ||     4
  Use: Scroll            |       |       |    11 |    11 ||    22
       Potion            |       |       |     3 |     5 ||     8
 Stab: Distracted        |       |       |       |     1 ||     1
Armor: Chain mail        |    82 |    72 |   169 |    13 ||   336
       Plate armour      |       |       |       |   161 ||   161
       Skin              |       |       |       |    11 ||    11
Dodge: Dodged            |    22 |    20 |    64 |    74 ||   180
       Repelled          |       |     1 |       |       ||     1
Block: Other             |       |       |    38 |    63 ||   101
       Reflection        |       |       |     1 |     3 ||     4
